 Dungeon Crawl Stone Soup version 0.26-a0-652-gafc20e3620 (webtiles) character file.

Game seed: 15907460999107755640

277749 grandjackal the Warrior (level 19, -9/279 HPs)
             Began as a Demonspawn Gladiator on Oct 1, 2020.
             Was the Champion of Trog.
             Mangled by Mennas
             ... wielding a +0 sacred scourge of holy wrath
              (19 damage)
             ... on level 3 of the Vaults.
             The game lasted 00:54:32 (38968 turns).

grandjackal the Warrior (Demonspawn Gladiator)     Turns: 38968, Time: 00:54:33

Health: -9/279     AC: 17    Str: 27    XL:     19   Next: 61%
Magic:  6/6        EV: 23    Int: 11    God:    Trog [******]
Gold:   2391       SH: 19    Dex: 18    Spells: 18/18 levels left

rFire    . . .     SeeInvis .   E - +9 double sword (antimagic)
rCold    + + +     Faith    .   N - +0 kite shield
rNeg     . . .     Spirit   .   Y - +0 swamp dragon scales
rPois    +         Reflect  +   f - +0 hat of the Zebra {rC++}
rElec    .         Harm     .   i - +0 cloak
rCorr    .         Rampage  .   K - +2 pair of gloves {Dex+3}
MR       +....                  (boots unavailable)
Stlth    ..........             y - amulet of reflection
HPRegen  0.56/turn              u - ring of protection from cold
MPRegen  0.10/turn              g - +6 ring of strength

@: berserking (expiring), glowing, very quick
A: talons 3, rugged brown scales 2, foul stench 2, high mp 1, powered by death
2, robust 1, augmentation 2, rot immunity
}: 2/15 runes: decaying, gossamer
a: Berserk, Trog's Hand, Brothers in Arms, Renounce Religion


You were on level 3 of the Vaults.
You worshipped Trog.
Trog was exalted by your worship.
You visited 7 branches of the dungeon, and saw 35 of its levels.

You collected 3487 gold pieces.
You spent 1096 gold pieces at shops.

Inventory:

Hand Weapons
 E - a +9 antimagic double sword (weapon)
Missiles
 d - 7 throwing nets (quivered)
Armour
 f - the +0 hat of the Zebra (worn) {rC++}
   (You acquired it on level 1 of the Vaults)

   It greatly protects you from cold.
 i - a +0 cloak (worn)
 J - the +1 helmet "Galayptu" {rF+ Stlth+}
   (You bought it in a shop on level 8 of the Dungeon)

   It protects you from fire.
   It makes you more stealthy.
 K - a +2 pair of gloves of dexterity (worn)
 N - a +0 kite shield (worn)
 Q - +0 fire dragon scales
 W - +0 ice dragon scales
 Y - +0 swamp dragon scales (worn)
Jewellery
 g - a +6 ring of strength (right hand)
 j - a cursed ring of positive energy
 r - an uncursed ring of positive energy
 u - a ring of protection from cold (left hand)
 y - an amulet of reflection (around neck)
 F - an uncursed ring of poison resistance
 T - an uncursed ring of protection from magic
 X - an uncursed ring of protection from cold
Wands
 p - a wand of flame (60)
 z - a wand of iceblast (22)
 A - a wand of acid (11)
 Z - a wand of digging (6)
Scrolls
 e - 18 scrolls of remove curse
 h - 24 scrolls of teleportation
 k - 4 scrolls of magic mapping
 l - 5 scrolls of blinking
 n - 3 scrolls of fear
 o - 15 scrolls of identify
 q - 7 scrolls of fog
 t - 5 scrolls of immolation
 L - a scroll of enchant armour
 M - 2 scrolls of vulnerability
 P - 2 scrolls of summoning
 U - a scroll of silence
Potions
 b - 16 potions of curing
 c - 4 potions of resistance
 m - 3 potions of might
 s - a potion of cancellation
 v - 4 potions of flight
 w - 5 potions of berserk rage
 x - 6 potions of haste
 B - 6 potions of stabbing
 C - 2 potions of magic
 D - 7 potions of lignification
 I - 11 potions of heal wounds
 S - 2 potions of invisibility
 V - 4 potions of ambrosia
Miscellaneous
 a - a phial of floods
 R - a box of beasts (3/3)


   Skills:
 + Level 17.6 Fighting
 + Level 16.5 Long Blades
 - Level 1.7 Throwing
 - Level 12.2 Armour
 + Level 16.5 Dodging
 + Level 11.6 Shields


You had 18 spell levels left.
You didn't know any spells.
Your spell library was empty.

Dungeon Overview and Level Annotations

Branches:
Dungeon (15/15)            Temple (1/1) D:4            Lair (6/6) D:9
  Swamp (4/4) Lair:4       Spider (4/4) Lair:2        Slime (0/5) Lair:5
    Orc (2/2) D:12            Elf (0/3) Orc:2        Vaults (3/5) D:14
  Crypt (0/3) Vaults:2     Depths (0/5) D:15

Altars:
Ashenzari
Cheibriados
Dithmenos
Elyvilon
Fedhas
Gozag
Hepliaklqana
Kikubaaqudgha
Makhleb
Nemelex Xobeh
Okawaru
Qazlal
Ru
Sif Muna
Trog
Uskayaw
Vehumet
Wu Jian
Xom
Yredelemnul
Zin
The Shining One
Beogh

Shops:
D:4 (   D:8 }[   D:9 (   Orc:2 [:**(

Portals:
Hell: Lair:6
Pandemonium: Orc:2

Annotations:
Swamp:1 Roxanne
Vaults:3 Mennas


Innate Abilities, Weirdness & Mutations

You have claws for feet.
You are mostly covered in rugged brown scales. (AC +2, +5% HP)
You frequently emit foul miasma when damaged in melee.
You regenerate health from kills.
Your magical and physical power is enhanced at high health.
You are immune to rotting.
You have an increased reservoir of magic. (+10% MP)
You are robust. (+10% HP)


Message History

You block Mennas's attack. Mennas hits you but does no damage.
Unknown command.
Mennas blocks your attack.
Your kick misses Mennas.
Mennas is severely wounded.
Mennas blocks your cyclops's attack.
Unknown command.
You miss Mennas. Your kick misses Mennas.
Mennas is severely wounded.
Mennas barely misses you. You block Mennas's attack.
Unknown command.
Mennas blocks your attack.
Your kick misses Mennas.
Mennas is severely wounded.
Mennas barely misses you. Mennas closely misses you.
Mennas blocks your cyclops's attack.
Unknown command.
You miss Mennas. Your kick misses Mennas.
Mennas is heavily wounded.
Mennas hits you but does no damage.
Mennas hits you with a +0 sacred scourge of holy wrath!!
You die...

#...# #...#
#...# #...#
#...# #...#
#...#
#########...#
.......A@...#
......C.....#
............#
..########..#
. #......#..#
#......#..#
#......#..#
#....<.# .#
#.....O# .#


You could see Mennas and a friendly cyclops (summoned, berserk).

Vanquished Creatures
  Bai Suzhen (Swamp:4)
  Boris (Vaults:3)
  the Lernaean hydra (Swamp:4)
  Saint Roka (Orc:2)
  Frederick (Vaults:2)
  Nikola (Swamp:3)
  Arachne (Spider:2)
  Rupert (D:15)
  The ghost of Pooter the Protected, an adept GnWn of Okawaru (Swamp:3)
  Gastronok (Lair:3)
  An ancient champion (Vaults:2)
  The ghost of IEatYoBabies the Grappler, an adept TrTm of Uskayaw (Spider:1)
  3 thorn hunters (Swamp:2)
  Kirke (Lair:5)
  Frances (D:14)
  3 ghost moths (Spider:4)
  3 emperor scorpions (Spider:4)
  Louise (Swamp:2)
  6 vault wardens
  6 ironheart preservers
  A stone giant (Vaults:2)
  A vampire knight (Vaults:2)
  4 entropy weavers
  A deep elf demonologist (Vaults:2)
  A deep elf annihilator (Vaults:3)
  3 dire elephants
  A spark wasp (Spider:4)
  A deep elf death mage (Vaults:2)
  Josephine (Lair:4)
  A great orb of eyes (Vaults:1)
  3 fire dragons
  A yaktaur captain (Vaults:1)
  Harold (D:11)
  A hell beast (Lair:6)
  31 hydras
  8 ghost crabs
  5 ice dragons
  2 rakshasas
  2 shambling mangroves
  Erica (D:10)
  3 ogre magi (Vaults:1)
  8 two-headed ogres
  12 alligators
  15 centaur warriors
  2 catoblepae
  2 dancing weapons (D:14)
  A queen ant (Lair:4)
  A tengu warrior (D:15)
  Urug (Orc:1)
  8 orc high priests (Orc:2)
  6 deep elf knights
  A sun demon (Orc:2)
  An entropy weaver zombie (Vaults:1)
  6 spriggan druids
  An unseen horror (D:14)
  3 wizards
  11 swamp dragons
  5 ironbrand convokers
  2 lindwurms (D:14)
  9 orc knights
  4 deep elf archers
  A phantasmal warrior (Vaults:2)
  12 deep elf magi
  5 orc sorcerers (Orc:2)
  26 wolf spiders
  A necromancer (Vaults:1)
  2 oklob plants
  21 orb spiders
  9 ugly things (Vaults:1)
  5 cyclopes
  2 manticores (D:14)
  2 centaur zombies
  An elephant (Lair:6)
  A moth of wrath (Spider:3)
  3 black mambas
  3 orange demons (Lair:6)
  A smoke demon (Lair:6)
  4 apocalypse crabs (Swamp:1)
  4 vault sentinels
  10 cane toads
  A cane toad (shapeshifter) (Vaults:1)
  6 centaur skeletons
  A gargoyle (D:15)
  2 torpor snails
  A kobold demonologist (D:15)
  25 yaktaurs
  3 rime drakes
  8 komodo dragons
  17 demonic crawlers
  A redback zombie (D:13)
  A tengu conjurer (D:14)
  4 red devils
  A meliai (shapeshifter) (D:14)
  19 jumping spiders
  7 trolls
  15 tyrant leeches
  A wolf spider simulacrum (D:15)
  A wind drake (D:13)
  Prince Ribbit (D:6)
  18 hornets
  10 hippogriffs
  33 slime creatures
  33 blink frogs
  A human simulacrum (Vaults:2)
  A centaur simulacrum (D:14)
  A hippogriff (shapeshifter) (Vaults:3)
  4 bog bodies
  5 spriggans
  3 vampires
  3 shadows
  39 redbacks
  5 wyverns
  A ynoxinul (Orc:2)
  A hog (Lair:5)
  25 yaks
  A human (Lair:5)
  20 tarantellas
  9 wraiths
  5 basilisks
  25 vampire mosquitoes
  4 wargs
  A yaktaur simulacrum (Vaults:1)
  Menkaure (D:6)
  19 insubstantial wisps
  13 soldier ants
  13 swamp worms
  A deep troll zombie (Vaults:1)
  2 acid dragons
  16 water moccasins
  6 hell hounds
  2 ice beasts
  52 orc warriors
  12 porcupines
  16 swamp drakes
  A black bear (D:11)
  4 sky beasts
  An eye of draining (D:12)
  A necrophage (D:13)
  2 phantoms
  13 ogres
  20 wolves
  20 centaurs
  14 crocodiles
  A big kobold (D:8)
  16 bullfrogs
  A wyvern skeleton (D:13)
  A water moccasin skeleton (D:10)
  4 scorpions
  17 killer bees
  13 wights
  3 howler monkeys
  8 electric eels
  4 bullfrog zombies
  3 quasits
  3 jellies
  7 hounds
  27 orc priests
  3 iguanas
  4 hell rats
  30 orc wizards
  39 worker ants
  12 adders
  7 gnolls (D:3)
  12 river rats
  2 shadow imps
  3 white imps
  2 ufetubi
  2 oozes
  An adder skeleton (D:3)
  8 worms
  5 leopard geckos
  96 orcs
  6 bats
  8 giant cockroaches
  9 goblins
  4 hobgoblins
  18 jackals
  6 quokkas
  3 frilled lizards
  A giant cockroach zombie (D:5)
  6 kobolds
  14 rats
  3 briar patches (Swamp:2)
1325 creatures vanquished.

Vanquished Creatures (others)
  A spriggan druid (Swamp:1)
  2 humans (Lair:5)
  A swamp drake (Swamp:3)
  A crocodile (Lair:5)
  An orc (Vaults:1)
  22 fungi
  31 plants
  10 toadstools (Lair:2)
  2 withered plants (Swamp:3)
71 creatures vanquished.

Grand Total: 1396 creatures vanquished

Notes
Turn   | Place    | Note
-------+----------+-------------------------------------------
     0 | D:1      | grandjackal the Demonspawn Gladiator began the quest for
                  | the Orb.
     0 | D:1      | Reached XP level 1. HP: 16/16 MP: 1/1
   417 | D:1      | Gained mutation: You are partially covered in rugged brown
                  | scales. (AC +1, +3% HP) [demonic ancestry]
   417 | D:1      | Reached XP level 2. HP: 14/22 MP: 2/2
  1343 | D:2      | Gained mutation: You have sharp toenails. [demonic
                  | ancestry]
  1343 | D:2      | Reached XP level 3. HP: 28/28 MP: 3/3
  1830 | D:3      | Reached skill level 3 in Fighting
  1830 | D:3      | Reached XP level 4. HP: 5/36 MP: 4/4
  1833 | D:3      | Gained mutation: You have razor-sharp toenails. [potion of
                  | mutation]
  1833 | D:3      | Gained mutation: You have claws for feet. [potion of
                  | mutation]
  1833 | D:3      | Gained mutation: You are robust. (+10% HP) [potion of
                  | mutation]
  1833 | D:3      | Gained mutation: You have an increased reservoir of magic.
                  | (+10% MP) [potion of mutation]
  2188 | D:3      | Gained mutation: You regenerate a little health from kills.
                  | [demonic ancestry]
  2188 | D:3      | Reached XP level 5. HP: 35/46 MP: 5/5
  2373 | D:3      | Found an ancient bone altar of Kikubaaqudgha.
  2724 | D:4      | Found a staircase to the Ecumenical Temple.
  2733 | Temple   | Entered the Ecumenical Temple
  2874 | Temple   | Became a worshipper of Trog the Wrathful
  2946 | D:4      | Found Xufrietwa's Antique Weapon Emporium.
  2956 | D:4      | Reached skill level 4 in Fighting
  2956 | D:4      | Reached XP level 6. HP: 49/54 MP: 6/6
  3330 | D:4      | Reached skill level 1 in Armour
  3829 | D:4      | Found a bloodstained altar of Trog.
  3961 | D:5      | Entered Level 5 of the Dungeon
  4370 | D:5      | Reached XP level 7. HP: 23/62 MP: 7/7
  4982 | D:6      | Noticed Menkaure
  4989 | D:6      | Killed Menkaure
  5127 | D:6      | Reached skill level 5 in Fighting
  5127 | D:6      | Reached skill level 5 in Long Blades
  5127 | D:6      | Reached skill level 5 in Dodging
  5135 | D:6      | Reached * piety under Trog
  5138 | D:6      | Noticed Prince Ribbit
  5178 | D:6      | Killed Prince Ribbit
  5178 | D:6      | Reached XP level 8. HP: 70/70 MP: 8/8
  5603 | D:7      | Found a stormy altar of Qazlal.
  5806 | D:7      | Found a radiant altar of Vehumet.
  5816 | D:7      | Reached skill level 6 in Fighting
  6560 | D:7      | Gained mutation: You are mostly covered in rugged brown
                  | scales. (AC +2, +5% HP) [demonic ancestry]
  6560 | D:7      | Reached XP level 9. HP: 67/81 MP: 9/9
  7464 | D:7      | Reached ** piety under Trog
  7530 | D:7      | You fall into a shaft and drop 3 floors!
  7530 | D:10     | Entered Level 10 of the Dungeon
  7531 | D:10     | Noticed a komodo dragon
  7538 | D:10     | Killed a komodo dragon
  7538 | D:10     | Reached skill level 7 in Fighting
  7538 | D:10     | Reached skill level 5 in Armour
  7786 | D:10     | Noticed Erica
  7793 | D:10     | Killed Erica
  7793 | D:10     | Reached XP level 10. HP: 92/92 MP: 11/11
  7843 | D:10     | Noticed a two-headed ogre
  7855 | D:10     | Killed a two-headed ogre
  7855 | D:10     | Reached skill level 8 in Fighting
  8072 | D:8      | Found Jozibo's Armour Shop.
  8080 | D:8      | Bought the +1 helmet "Galayptu" {rF+ Stlth+} for 315 gold
                  | pieces
  8080 | D:8      | Bought a +0 pair of gloves of dexterity for 138 gold pieces
  8109 | D:8      | Found a broken altar of Ashenzari.
  8458 | D:8      | Reached *** piety under Trog
  8548 | D:8      | Found Ujeokhlo's Gadget Emporium.
  9379 | D:9      | Found Joyh's Antique Weapon Boutique.
  9526 | D:9      | Found a roughly hewn altar of Beogh.
  9552 | D:9      | Reached **** piety under Trog
  9650 | D:9      | Noticed a fire dragon
  9650 | D:9      | Found a staircase to the Lair.
  9666 | D:9      | Killed a fire dragon
  9826 | D:9      | Found a shimmering blue altar of Sif Muna.
  9901 | D:9      | Reached skill level 9 in Fighting
  9901 | D:9      | Mutation became permanent: You have razor-sharp toenails.
                  | [demonic ancestry]
  9901 | D:9      | Gained mutation: You have claws for feet. [demonic
                  | ancestry]
  9901 | D:9      | Reached XP level 11. HP: 102/102 MP: 12/12
  9996 | D:9      | Found a glowing golden altar of the Shining One.
 10088 | D:9      | Found a sparkling altar of Nemelex Xobeh.
 10652 | D:11     | Noticed a two-headed ogre
 10655 | D:11     | Found a white marble altar of Elyvilon.
 10661 | D:11     | Killed a two-headed ogre
 10891 | D:11     | Noticed Harold
 10909 | D:11     | Killed Harold
 10989 | D:11     | Paralysed by a hornet for 3 turns
 11901 | D:12     | Found a staircase to the Orcish Mines.
 11944 | D:12     | Noticed a centaur warrior
 11954 | D:12     | Killed a centaur warrior
 12036 | D:12     | Reached ***** piety under Trog
 12076 | D:12     | Noticed a deep elf mage
 12086 | D:12     | Killed a deep elf mage
 12265 | D:12     | Reached skill level 10 in Fighting
 12662 | Orc:1    | Entered Level 1 of the Orcish Mines
 12683 | Orc:1    | Gained mutation: You regenerate health from kills. [demonic
                  | ancestry]
 12683 | Orc:1    | Reached XP level 12. HP: 111/111 MP: 13/13
 12697 | Orc:1    | Noticed Urug
 12714 | Orc:1    | Killed Urug
 12995 | Orc:1    | Found a radiant altar of Vehumet.
 13245 | Orc:2    | Entered Level 2 of the Orcish Mines
 13291 | Orc:2    | Noticed an orc high priest
 13296 | Orc:2    | Reached skill level 10 in Long Blades
 13305 | Orc:2    | Reached skill level 10 in Dodging
 13308 | Orc:2    | Killed an orc high priest
 13308 | Orc:2    | Received a gift from Trog
 13552 | Orc:2    | Found Uprub's Weapon Emporium.
 13658 | Orc:2    | Found Qoez's General Store.
 13694 | Orc:2    | Found Juwe's General Store.
 13745 | Orc:2    | Noticed Saint Roka
 13749 | Orc:2    | Received a gift from Trog
 13749 | Orc:2    | Reached skill level 11 in Fighting
 13765 | Orc:2    | Killed Saint Roka
 13901 | Orc:2    | Found a staircase to the Elven Halls.
 13929 | Orc:2    | Bought a scroll of identify for 22 gold pieces
 13957 | Orc:2    | Bought a potion of cancellation for 96 gold pieces
 13957 | Orc:2    | Bought a scroll of identify for 24 gold pieces
 13957 | Orc:2    | Bought a scroll of immolation for 42 gold pieces
 13957 | Orc:2    | Bought 3 scrolls of identify for 72 gold pieces
 13957 | Orc:2    | Bought a potion of curing for 36 gold pieces
 13992 | Orc:2    | Noticed an orc high priest
 14004 | Orc:2    | Killed an orc high priest
 14004 | Orc:2    | Gained mutation: You are immune to rotting. [demonic
                  | ancestry]
 14004 | Orc:2    | Reached XP level 13. HP: 77/121 MP: 14/14
 14393 | Orc:2    | Reached skill level 10 in Armour
 14507 | Orc:2    | HP: 2/121 [orc knight/cursed +0 war axe (23)]
 14984 | Orc:2    | Found Rikk's Antique Armour Emporium.
 14984 | Orc:2    | Found Qykhlal's Book Shoppe.
 14990 | Orc:2    | Found a one-way gate leading to the halls of Pandemonium.
 15052 | Orc:2    | Bought a spiked ring mail for 351 gold pieces
 15062 | Orc:2    | Identified the +1 ring mail "Dewirgh" {+Inv rF- rC+ rCorr}
                  | (You bought it in a shop on level 2 of the Orcish Mines)
 15331 | D:12     | Received a gift from Trog
 15433 | Lair:1   | Entered Level 1 of the Lair of Beasts
 16066 | Lair:2   | Reached skill level 12 in Fighting
 16318 | Lair:2   | Noticed a dire elephant
 16338 | Lair:2   | Found a runed translucent door.
 16516 | Lair:2   | Killed a dire elephant
 17238 | Lair:2   | Found a hole to the Spider Nest.
 17852 | Lair:3   | Received a gift from Trog
 17852 | Lair:3   | Gained mutation: You may emit foul miasma when damaged in
                  | melee. [demonic ancestry]
 17852 | Lair:3   | Reached XP level 14. HP: 133/133 MP: 15/15
 18044 | Lair:3   | Noticed Gastronok
 18060 | Lair:3   | Killed Gastronok
 18691 | Lair:4   | Noticed an entropy weaver
 18691 | Lair:4   | Noticed an entropy weaver
 18717 | Lair:4   | Killed an entropy weaver
 18717 | Lair:4   | Killed an entropy weaver
 18773 | Lair:4   | Reached ****** piety under Trog
 18785 | Lair:4   | Received a gift from Trog
 18930 | Lair:4   | Noticed Josephine
 18947 | Lair:4   | Killed Josephine
 19085 | Lair:4   | Found a staircase to the Swamp.
 19346 | Lair:5   | Reached skill level 13 in Fighting
 19408 | Lair:5   | Noticed Kirke
 19421 | Lair:5   | Killed Kirke
 19604 | Lair:5   | Found a staircase to the Slime Pits.
 20445 | Lair:6   | Entered Level 6 of the Lair of Beasts
 20830 | Lair:6   | Received a gift from Trog
 20848 | Lair:6   | Got a pitted demon blade {god gift}
 20849 | Lair:6   | Identified the +2 demon blade of the Feather {flame, Str+4}
                  | (Trog gifted it to you on level 6 of the Lair of Beasts)
 21097 | Lair:6   | Reached XP level 15. HP: 124/142 MP: 5/16
 21170 | Lair:6   | Found a burning altar of Makhleb.
 21207 | Lair:6   | Found a gateway to Hell.
 22838 | D:13     | Noticed Nessos
 22846 | D:13     | Noticed Nessos
 22846 | D:13     | Nessos changed into Nessos the death drake
 22847 | D:13     | Noticed Nessos
 22847 | D:13     | Nessos the death drake changed into Nessos the wind drake
 22852 | D:13     | Killed Nessos the wind drake
 23517 | D:14     | Reached skill level 1 in Shields
 23519 | D:14     | Received a gift from Trog
 23700 | D:14     | Noticed Frances
 23708 | D:14     | Killed Frances
 23749 | D:14     | Reached skill level 14 in Fighting
 24481 | D:14     | Found a gate to the Vaults.
 24555 | D:14     | Received a gift from Trog
 24575 | D:15     | Entered Level 15 of the Dungeon
 24879 | D:15     | Found a staircase to the Depths.
 25186 | D:15     | Noticed Rupert
 25207 | D:15     | Killed Rupert
 25886 | Swamp:1  | Entered Level 1 of the Swamp
 25975 | Swamp:1  | Found a runed translucent door.
 26025 | Swamp:1  | Identified Roxanne's Almanac of Earth
 26025 | Swamp:1  | Noticed Roxanne
 26064 | Swamp:1  | Received a gift from Trog
 26064 | Swamp:1  | Gained mutation: Your magical and physical power is
                  | slightly enhanced at high health. [demonic ancestry]
 26064 | Swamp:1  | Reached XP level 16. HP: 125/154 MP: 5/17
 26772 | Swamp:1  | Reached skill level 5 in Shields
 27219 | Swamp:1  | Got a fine lapis lazuli ring
 27255 | Swamp:1  | Identified the ring of Yendor {Int+4 Stlth+} (You found it
                  | on level 1 of the Swamp)
 27395 | Swamp:2  | Noticed Louise
 27431 | Swamp:2  | Killed Louise
 28043 | Swamp:2  | Noticed a thorn hunter
 28057 | Swamp:2  | Killed a thorn hunter
 28506 | Swamp:2  | Noticed a thorn hunter
 28518 | Swamp:2  | Killed a thorn hunter
 28518 | Swamp:2  | Reached skill level 15 in Fighting
 28706 | Swamp:2  | Noticed a thorn hunter
 28717 | Swamp:2  | Killed a thorn hunter
 28949 | Swamp:2  | Received a gift from Trog
 29624 | Swamp:3  | Found a runed translucent door.
 29625 | Swamp:3  | Noticed Pooter's ghost (adept GnWn)
 29653 | Swamp:3  | Killed Pooter's ghost
 29894 | Swamp:3  | Noticed Nikola
 29907 | Swamp:3  | Killed Nikola
 30241 | Swamp:4  | Entered Level 4 of the Swamp
 30271 | Swamp:4  | Reached XP level 17. HP: 156/163 MP: 5/18
 30523 | Swamp:4  | Noticed Bai Suzhen
 30544 | Swamp:4  | Received a gift from Trog
 30565 | Swamp:4  | Killed Bai Suzhen
 30625 | Swamp:4  | Noticed the 27-headed Lernaean hydra
 30640 | Swamp:4  | Killed the 24-headed Lernaean hydra
 30771 | Swamp:4  | Got a decaying rune of Zot
 30990 | Swamp:4  | Identified Sif Muna's Reference Book on Battle Magic
 31371 | Spider:1 | Entered Level 1 of the Spider Nest
 31463 | Spider:1 | Reached skill level 15 in Long Blades
 31517 | Spider:1 | Reached skill level 16 in Fighting
 31618 | Spider:1 | Reached skill level 15 in Dodging
 31622 | Spider:1 | Noticed IEatYoBabies's ghost (adept TrTm)
 31630 | Spider:1 | Found a transporter.
 31638 | Spider:1 | Found a transporter.
 31666 | Spider:1 | Killed IEatYoBabies's ghost
 31880 | Spider:2 | Received a gift from Trog
 32089 | Spider:2 | Noticed Arachne
 32102 | Spider:2 | Killed Arachne
 32647 | Spider:3 | Identified a scroll of acquirement
 32992 | Spider:3 | Gained mutation: Your magical and physical power is
                  | enhanced at high health. [demonic ancestry]
 32992 | Spider:3 | Reached XP level 18. HP: 170/173 MP: 6/19
 33272 | Spider:4 | Entered Level 4 of the Spider Nest
 33278 | Spider:4 | Received a gift from Trog
 34352 | Spider:4 | HP: 2/175 [something (12)]
 34849 | Spider:4 | Reached skill level 10 in Shields
 34937 | Spider:4 | Received a gift from Trog
 35020 | Spider:4 | Got a gossamer rune of Zot
 35364 | Vaults:1 | Entered Level 1 of the Vaults
 36422 | Vaults:1 | Reached skill level 17 in Fighting
 36614 | Vaults:1 | Received a gift from Trog
 36851 | Vaults:1 | Gained mutation: You frequently emit foul miasma when
                  | damaged in melee. [demonic ancestry]
 36851 | Vaults:1 | Reached XP level 19. HP: 185/185 MP: 6/20
 36880 | Vaults:1 | Acquired the +0 hat of the Zebra {rC++}
 37606 | Vaults:2 | Found a staircase to the Crypt.
 37629 | Vaults:2 | Paralysed by a vampire knight for 3 turns
 37947 | Vaults:2 | Noticed Frederick
 37956 | Vaults:2 | Killed Frederick
 38069 | Vaults:2 | Found a shimmering blue altar of Sif Muna.
 38564 | Vaults:3 | Noticed Boris
 38581 | Vaults:3 | Killed Boris
 38593 | Vaults:3 | Noticed Mennas
 38803 | Vaults:3 | Received a gift from Trog
 38960 | Vaults:3 | HP: 12/279 [Mennas/+0 sacred scourge of holy wrath (6)]
 38968 | Vaults:3 | Mangled by Mennas

Illustrated notes

Levels and vault maps discovered:
D:1:      roderic_crop_circles_arrival_small, layout_basic
D:2:      layout_loops_ring, nrook_loot_triangle
D:3:      layout_rooms, lemuel_doored_altar, kennysheep_generic_room_6
D:4:      layout_basic, minmay_temple_entry_hall, serial_shops, kennysheep_mini,
          trog_hazing_becter
D:5:      layout_loops_ring
D:6:      layout_rooms, nrook_uturn, uniq_menkaure, uniq_prince_ribbit1
D:7:      cheibrodos_two_vegetables, layout_basic, grunt_qazlal_clouds,
          lemuel_tele_altar
D:8:      minmay_thinvault, layout_basic, nicolae_ashenzari_panopticon,
          serial_shops, shop, shop
D:9:      layout_loops_ring, nicolae_overflow_hidden_temple, led_sif_pool,
          nicolae_tso_swordbearing_angel, minmay_lair_entry_lava, special_room
          [special_room_orc], serial_shops, nicolae_shop_overgrown_old_shop,
          hangedman_decor_riveting
D:10:     layout_gridville, uniq_erica
D:11:     layout_loops_cross, hex_large, hangedman_abyss_or_decor_passed,
          elyvilon_altar_3, uniq_harold
D:12:     minmay_opposing_rooms, layout_loops_ring, orc_0_dummy,
          minmay_misc_feat_more_columns
D:13:     layout_stronghold, uniq_nessos
D:14:     layout_basic, erik_vaults_1, hangedman_parallel_progression,
          uniq_frances
D:15:     grunt_enter_depths_hoard, layout_rooms, minivault_25,
          minmay_misc_feat_pillars, uniq_rupert
Temple:   eino_temple_scatter_basement
Lair:1:   layout_small_grid
Lair:2:   gammafunk_lair_enchanted_lake, layout_regular_city,
          spider_nest_entry_rubble
Lair:3:   layout_gridlike, serial_bayou_pond_d, kennysheep_rathole,
          uniq_gastronok
Lair:4:   layout_cellular_growth, minmay_swamp_entry_reptiles, st_stairs_12,
          minmay_another_anthill, uniq_josephine
Lair:5:   layout_hall_layers, minmay_slime_entry_oklob_enclosed,
          serial_bayou_shore_b, uniq_kirke
Lair:6:   evil_forest, layout_regular_city
Swamp:1:  gammafunk_mikee_crab_dinner, layout_basic_swamp,
          evilmike_swamp_ruin_house_5, uniq_roxanne
Swamp:2:  layout_basic_swamp, evilmike_swamp_ruin_house_3, uniq_louise
Swamp:3:  layout_basic_swamp, gammafunk_ghost_grave, nicolae_swamp_fairy_circle,
          uniq_nikola
Swamp:4:  swamp_old_school, layout_basic_swamp, infiniplex_staircase_pool,
          uniq_bai_suzhen
Spider:1: layout_spider_delve, gammafunk_ghost_arena, drop_trap
Spider:2: layout_spider_delve, uniq_arachne
Spider:3: layout_spider_delve
Spider:4: grunt_spider_rune_island, drop_trap
Orc:1:    layout_caves, basic_altar, uniq_urug
Orc:2:    pf_orc_diabolical, layout_caves, serial_shops,
          nicolae_shop_statue_plus, nicolae_orc_flooded_monolith,
          library_closet, uniq_saint_roka
Vaults:1: nicolae_vaults_big_angled_halls, ontoclasm_vaults_gateway, v_misc_14,
          hangedman_vaults_slice, ontoclasm_vaults_ring_large,
          grunt_vaults_bifocal, st_squares, nicolae_vaults_mini_display_case,
          ontoclasm_vaults_decontamination, nicolae_vaults_network_star,
          hangedman_vaults_cutoff, nicolae_vaults_little_squares_6,
          vaults_room_corners, layout_vaults_big_room
Vaults:2: ontoclasm_vaults_twist, minmay_crypt_entry_simple_corners, v_misc_22,
          hangedman_vaults_impose, vaults_room_fours, vaults_room_corners,
          nicolae_vaults_little_ls, nicolae_vaults_network_barrier, v_misc_17,
          ontoclasm_vaults_fault, nicolae_vaults_theta, layout_vaults_omnicross,
          basic_altar, uniq_frederick
Vaults:3: v_misc_32, v_misc_22, ontoclasm_vaults_hangar,
          vaults_room_hangedman_quadrants, nicolae_vaults_alarming,
          layout_vaults_quadrants, serial_shops, shop, uniq_margery,
          uniq_mennas, uniq_boris

Skill      XL: |  1  2  3  4  5  6  7  8  9 10 11 12 13 14 15 16 17 18 19 |
---------------+----------------------------------------------------------+-----
Long Blades    | 3 4 5 6 7 8 9 10 11 12 13 14 15 16 | 16.5
Dodging        | 3 4 5 6 7 8 9 10 11 12 13 14 15 16 | 16.5
Fighting       | 3 4 5 6 7 9 10 11 12 13 14 15 16 17 | 17.6
Armour         | 1 3 4 5 7 8 9 11 12 | 12.2
Shields        | 4 7 9 10 11 | 11.6
Throwing       | |  1.7

Action                   |  1- 3 |  4- 6 |  7- 9 | 10-12 | 13-15 | 16-18 | 19-21 || total
-------------------------+-------+-------+-------+-------+-------+-------+-------++-------
Melee: Long sword        |    84 |   125 |    69 |       |       |       |       ||   278
       Kick              |     4 |    48 |    78 |   335 |   614 |   740 |   123 ||  1942
       Great sword       |       |       |    95 |    13 |   288 |       |       ||   396
       Scimitar          |       |       |       |   674 |    34 |       |       ||   708
       Double sword      |       |       |       |       |   778 |  1099 |   232 ||  2109
       Demon blade       |       |       |       |       |    25 |   180 |       ||   205
Throw: Throwing net      |       |     2 |       |       |       |       |       ||     2
Invok: Berserk           |       |       |     4 |     7 |    13 |     5 |     3 ||    32
       Trog's Hand       |       |       |       |     4 |     3 |     6 |       ||    13
       Brothers in Arms  |       |       |       |       |       |       |     1 ||     1
Evoke: Wand              |       |       |    18 |       |     7 |       |       ||    25
  Use: Potion            |     2 |     2 |       |       |     2 |       |     1 ||     7
       Scroll            |       |       |       |    19 |    20 |     7 |     2 ||    48
 Stab: Petrified         |       |       |       |       |     5 |       |       ||     5
       Petrifying        |       |       |       |       |     2 |       |       ||     2
       Sleeping          |       |       |       |       |     2 |     4 |       ||     6
       Confused          |       |       |       |       |       |     5 |       ||     5
       Distracted        |       |       |       |       |       |     1 |       ||     1
Armor: Leather armour    |     7 |       |       |       |       |       |       ||     7
       Ring mail         |    32 |    57 |    69 |     9 |       |       |       ||   167
       Scale mail        |       |       |       |   221 |   404 |       |       ||   625
       Swamp dragon scal |       |       |       |       |     2 |   481 |    33 ||   516
Dodge: Dodged            |    67 |   101 |   148 |   600 |  1095 |  1285 |   108 ||  3404
Block: Other             |       |       |       |    98 |   287 |   286 |     8 ||   679
       Reflection        |       |       |       |     2 |     7 |    14 |    20 ||    43
       Kite shield       |       |       |       |       |       |       |   112 ||   112
       Rpst.: Long sword |    24 |    17 |    12 |       |       |       |       ||    53
       Great sword       |       |       |    30 |     6 |    83 |       |       ||   119
       Scimitar          |       |       |       |   150 |    11 |       |       ||   161
       Double sword      |       |       |       |       |   160 |   228 |    27 ||   415
       Demon blade       |       |       |       |       |     3 |    33 |       ||    36

Table legend: (Time is in decaauts)
 A = Elapsed time spent in this place.
 B = Non-inter-level travel time spent in this place.
 C = Inter-level travel time spent in this place.
 D = Time resting spent in this place.
 E = Time spent auto-exploring this place.
 F = Levels seen in this place.
 G = Mean time per level.
                   A        B        C        D        E       F      G
               +--------+--------+--------+--------+--------+-----+--------+
         Total |  39240 |  36607 |   2633 |   8752 |  20532 |  35 | 1121.1 |
       Dungeon |  16616 |  15191 |   1425 |   3773 |   8851 |  15 | 1107.7 |
        Temple |    150 |    141 |      9 |      0 |    132 |   1 |  150.0 |
          Lair |   6982 |   6511 |    471 |   1399 |   3875 |   6 | 1163.7 |
         Swamp |   5562 |   5214 |    348 |   1467 |   2574 |   4 | 1390.5 |
   Spider Nest |   3742 |   3514 |    228 |    870 |   1897 |   4 |  935.5 |
  Orcish Mines |   2672 |   2575 |     97 |    735 |    940 |   2 | 1336.0 |
        Vaults |   3514 |   3461 |     53 |    506 |   2261 |   3 | 1171.3 |
               +--------+--------+--------+--------+--------+-----+--------+

Top non-repeatable levels by time:
     D:7: 2363 daAuts
   Orc:2: 2076 daAuts
  Lair:2: 1899 daAuts
 Swamp:2: 1888 daAuts
Vaults:1: 1854 daAuts
  Lair:6: 1627 daAuts
 Swamp:1: 1550 daAuts
Spider:4: 1478 daAuts
Vaults:2: 1453 daAuts
     D:4: 1423 daAuts
    D:11: 1365 daAuts
    D:12: 1236 daAuts
     D:8: 1196 daAuts
     D:1: 1185 daAuts
  Lair:5: 1163 daAuts
